 Dungeon Crawl Stone Soup version 0.32-a0-433-g08bcfe7efd (webtiles) character file.

Game seed: 4242913071530988018

3280641 CraftyCompanion the Slayer (level 27, 240/240 HPs)
             Began as a Coglin Warper on Feb 22, 2024.
             Was the Champion of Ignis.
             Escaped with the Orb
             ... and 5 runes
             ... and 1 gem!
             The game lasted 01:55:30 (70039 turns).

CraftyCompanion the Slayer (Coglin Warper)         Turns: 70039, Time: 01:55:30

Health: 240/240    AC: 28    Str: 13    XL:     27
Magic:  42/42      EV: 44    Int: 10    God:    Ignis [******]
Gold:   6776       SH:  0    Dex: 46    Spells: 46/56 levels left

rFire   + + +        m - +9 demon blade (vamp) {Jingyi}
rCold   + . .        u - +11 scimitar of Innocence {flame, ^Fragile rElec Int-2 Dex+9}
rNeg    + . .        w - +8 fire dragon scales {Xtahua}
rPois   +            C - +1 hat of the Four Artisans {rC+ Dex+3}
rElec   +            d - scarf {rC+ rF+}
rCorr   .            z - +2 pair of gloves {Str+3}
SInv    +            x - +0 pair of boots of Liow {rElec rPois Dex+4}
Will    ++...        o - amulet of the acrobat
Stlth   +            H - +5 ring of evasion
HPRegen 0.60/turn    Y - ring "Qeenwin" {rN+ Str-2 Dex+2 SInv}
MPRegen 0.28/turn

%: acrobat, clarity
@: studying 2 skills
A: off-hand wielding, slow wielding, warmup strikes, legs shutdown, iridescent
scales 1, agile 1, clarity, deterioration 1, dopey 1, sense surroundings 1,
pseudopods 1
0: Orb of Zot
}: 5/15 runes: decaying, slimy, silver, abyssal, gossamer
a: Renounce Religion, Fiery Armour, Foxfire Swarm, Rising Flame


You escaped.
You worshipped Ignis.
Ignis was exalted by your worship.
You visited 12 branches of the dungeon, and saw 56 of its levels.
You visited the Abyss 1 time.
You also visited: Bailey.

You collected 10177 gold pieces.
You spent 3401 gold pieces at shops.

Inventory:

Hand Weapons
 i - a +9 heavy double sword {Juwon}
 m - a +9 vampiric demon blade (weapon) {Jingyi}
 u - the +11 scimitar of Innocence (offhand) {flame, ^Fragile rElec Int-2 Dex+9}
   (Okawaru gifted it to you on level 4 of the Lair of Beasts)

   Int-2:     It affects your intelligence (-2).
   Dex+9:     It affects your dexterity (+9).
   rElec:     It insulates you from electricity.
   ^Fragile:  It will be destroyed if unequipped.
Armour
 d - a scarf of resistance (worn)
 w - +8 fire dragon scales (worn) {Xtahua}
 x - the +0 pair of boots of Liow (worn) {rElec rPois Dex+4}
   (You found it on level 3 of the Elven Halls)

   Dex+4:     It affects your dexterity (+4).
   rElec:     It insulates you from electricity.
   rPois:     It protects you from poison
 z - a +2 pair of gloves of strength (worn)
 C - the +1 hat of the Four Artisans (worn) {rC+ Dex+3}
   (Okawaru gifted it to you on level 4 of the Lair of Beasts)

   Dex+3:     It affects your dexterity (+3).
   rC+:       It protects you from cold.
 V - +0 gold dragon scales
Jewellery
 f - an amulet of magic regeneration
 h - a ring of protection from fire
 o - an amulet of the acrobat (around neck)
 t - a ring of protection from cold
 y - the ring of Secrets {rF++ Str+6 Dex-5 Slay+2 SInv}
   (You found it on level 2 of the Depths)

   [ring of strength]

   Str+6:     It affects your strength (+6).
   Dex-5:     It affects your dexterity (-5).
   Slay+2:    It affects your accuracy & damage with ranged weapons and melee
   (+2).
   rF++:      It greatly protects you from fire.
   SInv:      It lets you see invisible.
 H - a +5 ring of evasion (left grasper)
 P - the ring of Xukux {Wiz Dex+3}
   (You took it off a tengu conjurer on level 15 of the Dungeon)

   [ring of wizardry]

   Wiz:       It improves your spell success rate.
   Dex+3:     It affects your dexterity (+3).
 T - the ring of Riukorih {rF- rC+ Dex+4}
   (You bought it in a shop on level 2 of the Orcish Mines)

   [ring of protection from cold]

   Dex+4:     It affects your dexterity (+4).
   rF-:       It makes you vulnerable to fire.
   rC+:       It protects you from cold.
 Y - the ring "Qeenwin" (right grasper) {rN+ Str-2 Dex+2 SInv}
   (You found it on level 2 of the Depths)

   [ring of positive energy]

   Str-2:     It affects your strength (-2).
   Dex+2:     It affects your dexterity (+2).
   rN+:       It protects you from negative energy.
   SInv:      It lets you see invisible.
 Z - a ring of protection from cold
Wands
 c - a wand of light (20)
 v - a wand of digging (9)
Scrolls
 a - 5 scrolls of blinking {@r4}
 l - 5 scrolls of poison
 q - 6 scrolls of immolation
 r - 3 scrolls of silence {!r}
 s - 5 scrolls of revelation {@r5}
 E - 3 scrolls of fear
 F - 24 scrolls of identify {@r1}
 G - 8 scrolls of vulnerability {!r}
 I - 2 scrolls of amnesia
 K - 5 scrolls of enchant armour
 M - 6 scrolls of fog {@r2}
 N - 21 scrolls of teleportation {@r3}
 Q - 2 scrolls of enchant weapon
 U - 3 scrolls of brand weapon
Potions
 b - 8 potions of lignification
 e - 11 potions of attraction
 g - 6 potions of haste {@q5}
 k - 9 potions of brilliance
 n - 2 potions of mutation
 p - 16 potions of curing {@q2}
 A - 4 potions of enlightenment
 D - 6 potions of might {@q3}
 J - 6 potions of ambrosia
 L - 8 potions of berserk rage
 O - 15 potions of heal wounds {@q1}
 S - 3 potions of invisibility
 W - 4 potions of cancellation
 X - 4 potions of magic
Miscellaneous
 j - a phial of floods
 B - a tin of tremorstones (2/2)
 R - a lightning rod (4/4)


   Skills:
 + Level 24.7 Fighting
 - Level 16.0 Long Blades
 - Level 0.8 Throwing
 + Level 21.0 Armour
 + Level 23.3 Dodging
 - Level 15.0 Spellcasting
 - Level 18.0 Translocations
 - Level 12.0 Invocations


You had 46 spell levels left.
You knew the following spells:

 Your Spells              Type           Power      Damage    Failure   Level
b - Blink                 Tloc           86%        N/A       1%          2
m - Manifold Assault      Tloc           43%        N/A       1%          4
p - Passage of Golubria   Tloc           43%        N/A       1%          4

Your spell library contained the following spells:

 Spells                   Type           Power      Damage    Failure   Level
 Apportation              Tloc           86%        N/A       0%          1
 Lesser Beckoning         Tloc           86%        N/A       1%          2
 Gell's Gravitas          Tloc           43%        N/A       1%          3
 Teleport Other           Tloc           43%        N/A       1%          3
 Volatile Blastmotes      Fire/Tloc      50%        2d14      1%          3
 Dispersal                Tloc           21%        N/A       2%          6
 Dimensional Bullseye     Hex/Tloc       12%        N/A       5%          4
 Iskenderun's Mystic Bla  Conj/Tloc      25%        2d7       5%          4
 Vhi's Electric Charge    Tloc/Air       50%        N/A       5%          4
 Summon Forest            Summ/Tloc      12%        N/A       16%         5
 Foxfire                  Conj/Fire      28%        2x1d5     22%         1
 Freeze                   Ice            28%        1d5       22%         1
 Kiss of Death            Conj/Necr      28%        2d7       22%         1
 Magic Dart               Conj           28%        1d4       22%         1
 Necrotise                Necr           28%        1d5       22%         1
 Jinxbite                 Hex            14%        N/A       34%         2
 Mercury Vapours          Alch/Air       14%        N/A       34%         2
 Scorch                   Fire           14%        2d5       34%         2
 Searing Ray              Conj           14%        2d5       34%         2
 Call Canine Familiar     Summ           7%         N/A       56%         3
 Confusing Touch          Hex            7%         N/A       56%         3
 Dazzling Flash           Conj/Hex       14%        N/A       56%         3
 Frozen Ramparts          Ice            14%        1d3       56%         3
 Fugue of the Fallen      Necr           7%         N/A       56%         3
 Hailstorm                Conj/Ice       7%         3d5       56%         3
 Inner Flame              Hex/Fire       7%         N/A       56%         3
 Mephitic Cloud           Conj/Alch/Air  7%         N/A       56%         3
 Ozocubu's Armour         Ice            7%         N/A       56%         3
 Sigil of Binding         Hex            7%         N/A       56%         3
 Summon Ice Beast         Ice/Summ       7%         N/A       56%         3
 Vampiric Draining        Necr           7%         2d6       56%         3
 Disjunction              Tloc           21%        N/A       67%         8
 Animate Dead             Necr           7%         N/A       92%         4
 Brom's Barrelling Bould  Conj/Erth      7%         2d3       92%         4
 Cause Fear               Hex            3%         N/A       92%         4
 Dispel Undead            Necr           7%         3d8       92%         4
 Flame Wave               Conj/Fire      7%         2d5       92%         4
 Fulminant Prism          Conj/Alch      3%         3d5       92%         4
 Ignite Poison            Fire/Alch      7%         N/A       92%         4
 Martyr's Knell           Necr/Summ      7%         N/A       92%         4
 Sticky Flame             Fire/Alch      7%         2d4       92%         4
 Alistair's Intoxication  Alch           4%         N/A       99%         5
 Arcjolt                  Conj/Air       3%         1d13      99%         5
 Borgnjor's Vile Clutch   Necr/Erth      3%         N/A       99%         5
 Curse of Agony           Necr           7%         N/A       99%         5
 Fireball                 Conj/Fire      3%         3d4       99%         5
 Freezing Cloud           Conj/Ice/Air   3%         6-21      99%         5
 Iskenderun's Battlesphe  Conj           7%         2d6       99%         5
 Metabolic Englaciation   Hex/Ice        3%         N/A       99%         5
 Silence                  Hex/Air        3%         N/A       99%         5
 Yara's Violent Unravell  Hex/Alch       3%         3d4       99%         5
 Bombard                  Conj/Erth      3%         9d1       100%        6
 Conjure Ball Lightning   Conj/Air       3%         3x3d6     100%        6
 Eringya's Noxious Bog    Alch           3%         4d6       100%        6
 Plasma Beam              Fire/Air       3%         2x1d13    100%        6
 Sculpt Simulacrum        Ice/Alch       3%         N/A       100%        6
 Starburst                Conj/Fire      3%         6d3       100%        6
 Summon Cactus Giant      Summ           3%         N/A       100%        6
 Enfeeble                 Hex            3%         N/A       100%        7
 Haunt                    Necr/Summ      3%         N/A       100%        7
 Orb of Destruction       Conj           3%         9d5       100%        7
 Spellforged Servitor     Conj/Summ      3%         N/A       100%        7
 Summon Hydra             Summ           3%         N/A       100%        7
 Borgnjor's Revivificati  Necr           3%         N/A       100%        8
 Discord                  Hex            3%         N/A       100%        8
 Ignition                 Fire           3%         3d4       100%        8
 Infestation              Necr           3%         N/A       100%        8
 Lehudib's Crystal Spear  Conj/Erth      3%         10d3      100%        8
 Maxwell's Capacitive Co  Air            3%         ∞         100%        8
 Chain Lightning          Conj/Air       3%         3d4       100%        9
 Death's Door             Necr           3%         N/A       100%        9
 Dragon's Call            Summ           3%         N/A       100%        9
 Fire Storm               Conj/Fire      3%         8d1       100%        9
 Shatter                  Erth           3%         3d7*      100%        9


Dungeon Overview and Level Annotations

Branches:
Dungeon (15/15)            Temple (1/1) D:5            Lair (5/5) D:8
  Swamp (4/4) Lair:3       Spider (4/4) Lair:3        Slime (5/5) Lair:4
    Orc (2/2) D:10            Elf (3/3) Orc:2        Vaults (5/5) D:14
  Crypt (3/3) Vaults:2       Tomb (0/3) Crypt:3      Depths (4/4) D:15
    Zot (5/5) Depths:4     Bailey (visited)

Altars:
Ashenzari
Cheibriados
Dithmenos
Elyvilon
Fedhas
Gozag
Hepliaklqana
Kikubaaqudgha
Makhleb
Nemelex Xobeh
Okawaru
Qazlal
Ru
Sif Muna
Trog
Uskayaw
Vehumet
Wu Jian
Xom
Yredelemnul
Zin
The Shining One
Beogh
Ignis
Jiyva
Lugonu

Shops:
D:4 *   D:11 ?   D:12 *   D:14 [   Orc:2 [*[=!   Elf:1 *   Elf:2 !*   Elf:3 [(
Vaults:3 !   Vaults:5 *!?   Depths:1 *

Portals:
Hell: Depths:1 Depths:2 Depths:3 Depths:4
Abyss: Depths:1 Depths:2 Depths:3
Pandemonium: Depths:2
Ziggurat: Depths:3
Trove: Elf:3 (give 8 potions of haste)

Annotations:
D:3 ignis
Slime:5 Royal Jelly
Zot:3 6 transporters


Innate Abilities, Weirdness & Mutations

You can wield a second weapon in your off-hand.
It takes a long time for you to wield or remove held weapons.
Your first few attacks do less damage.
Attacking and casting redirects power from your legs.
You are partially covered in iridescent scales. (AC +2)
You are agile. (Dex +4, Str/Int -1)
You possess an exceptional clarity of mind.
Your body sometimes deteriorates upon taking damage.
You are dopey. (Int -2)
You passively map a small area around you.
Armour fits poorly on your pseudopods.


Message History

Space momentarily warps into an impossible shape!
You chop the hellion into pieces with the +11 scimitar of Innocence!!!
You burn the hellion!
You kill the hellion!
You enter the shallow water.
Moving in this stuff is going to be slow.
Magic restored.
There is a faded altar of an unknown god here.
This altar belongs to (a) Uskayaw, (b) Vehumet or (c) Ignis, but you can't tell which.
Press the corresponding letter to learn more about a god, or press enter to convert or escape to cancel.
Ignis accepts your prayer!
You have lost your religion!
Jiyva does not appreciate desertion!
All of your fellow slimes turn on you. Ignis welcomes you!
Unknown command.
Press < or > to pray at altars.
Unknown command.
Press < or > to pray at altars.
Unknown command.
Press < or > to pray at altars.
Casting: Manifold Assault (safe; 1% risk of failure)
Confirm with . or Enter, or press ? or * to list all spells.
Aiming: Passage of Golubria (safe; 1% risk of failure)
Press: ? - help, Dir - move target You enter the passage of Golubria.
There is a passage of Golubria here.
Things that are here:
a +0 leather armour; a +0 short sword; an orc skeleton
There is a stone staircase leading down here.
You hear a snapping sound.
There is an open door here.
There is a stone staircase leading up, spattered with blood here.
You climb upwards.
There is a stone staircase leading down here.
You see here a +0 halberd.
There is a stone staircase leading up here.
You climb upwards.
There is a stone staircase leading down here.
There is a staircase leading out of the dungeon here.
You have escaped!

.........# #.............#
......####
######..##.........# ......#
#####..................#
..†(..#
#......................#
......##
#.♣♣♣♣♣♣♣♣♣............#
#####..#
#.♣PP..PP..♣...........#
##.###.♣PP..P...♣.......)...#
#.....♣..PP...P♣...........#
#####.♣..P.@.PP♣...........#
#.♣PP...P..♣...#+#######
#.♣P...PP..♣.#.#.#
#.♣...P..PP♣.....#
#.♣..PP..PP♣.....#
#..♣♣♣♣♣♣♣♣♣.....#
##................#
#......####......##
#...........####.#####


There were no monsters in sight!

Vanquished Creatures
  6 orbs of fire
  7 dread liches
  3 ancient liches
  Xtahua (Vaults:3)
  A royal mummy (Crypt:3)
  Sojobo (Crypt:1)
  The ghost of Jymib the Ruinous, a veteran DgCj (Depths:2)
  10 Killer Klowns
  4 curse toes
  The ghost of Gaexku the Warrior, a veteran DrSh of Okawaru (Depths:4)
  The ghost of Kuligiro the Marksdemonspawn, a veteran DsWn of Gozag (Depths:2)
  A caustic shrike (Depths:2)
  the Enchantress (Depths:2)
  11 golden dragons
  Nikola (Swamp:2)
  Jory (Vaults:3)
  2 doom hounds (Depths:2)
  The ghost of Nico3ck the Severer, an adept CoGl of Gozag (Depths:2)
  2 bone dragons
  The ghost of Nilihum the Warrior, an adept CoGl of Wu Jian (Elf:3)
  An iron giant (Depths:2)
  Jorgrun (D:15)
  An Ice Fiend (Zot:5)
  Zenata (Crypt:2)
  3 liches
  3 electric golems
  2 walking earthen tomes (Depths:4)
  2 walking crystal tomes (Depths:4)
  8 sphinxes
  27 Orb Guardians
  15 quicksilver dragons
  16 tentacled monstrosities
  A walking divine tome (Depths:4)
  7 deep elf blademasters
  4 tentacled starspawn (Abyss:3)
  Grunn (Depths:2)
  9 deep elf master archers
  6 death cobs
  9 ancient champions
  2 Executioners (D:4)
  14 titans
  Agnes (Elf:1)
  18 storm dragons
  9 tengu reavers
  A thorn hunter (Swamp:4)
  Aizul (Swamp:2)
  Gastronok (D:10)
  2 fenstrider witches
  16 shadow dragons
  23 frost giants
  11 draconian knights
  7 draconian monks
  17 fire giants
  8 protean progenitors
  A revenant (Crypt:3)
  Donald (Spider:4)
  8 deep elf sorcerers
  8 ghost moths
  12 vault wardens
  3 draconian scorchers
  9 emperor scorpions
  2 iron dragons
  A caustic shrike zombie (Crypt:3)
  8 deep elf elementalists
  10 draconian shifters
  6 curse skulls
  A juggernaut zombie (Crypt:1)
  2 balrugs
  4 orc warlords
  19 ironbound preservers
  4 spriggan defenders (Depths:2)
  A cacodemon (Zot:1)
  6 draconian stormcallers
  6 ghouls
  11 ironbound thunderhulks
  24 very ugly things
  3 broodmothers
  6 draconian annihilators
  22 stone giants
  7 deep elf demonologists
  4 deep elf annihilators
  3 eleionomae
  7 vampire knights
  15 green draconians
  26 purple draconians
  13 black draconians
  13 yellow draconians
  7 war gargoyles
  13 red draconians
  A starcursed mass (Abyss:3)
  2 bunyips
  10 deep elf death magi
  15 white draconians
  12 dire elephants
  A crystal guardian (Vaults:4)
  6 spark wasps
  3 eidola
  A blizzard demon (D:3)
  8 ettins
  A merfolk javelineer (Depths:4)
  A green death (Depths:2)
  9 jiangshi (Crypt:3)
  14 yaktaur captains
  5 deep elf high priests
  6 entropy weavers
  8 fire dragons
  Josephine (D:14)
  8 great orbs of eyes
  32 hydras
  2 shambling mangroves
  The ghost of BigAl98 the Cleaver, a journeyman MDFi of Qazlal (D:10)
  3 catoblepae
  34 vault guards
  A hell beast (D:7)
  2 rakshasas
  3 ice dragons
  3 peacekeepers
  2 ogre magi (Vaults:5)
  7 spriggan air magi
  3 radroaches
  A ghost crab (Swamp:2)
  3 jorogumos
  7 death knights
  Fannar (D:10)
  2 satyrs (Zot:5)
  7 ironbound frosthearts
  6 alligators
  Erica (Lair:2)
  35 centaur warriors
  21 boulder beetles
  32 dancing weapons
  An anaconda (Zot:4)
  18 deep troll earth magi
  12 two-headed ogres
  2 tengu warriors
  3 thrashing horrors
  11 death yaks
  8 demonic crawlers
  4 spriggan berserkers
  7 deep troll shamans
  4 vampire magi
  6 occultists
  Urug (D:10)
  26 deep elf knights
  6 hell knights
  3 sun demons
  A soul eater (Crypt:2)
  Nergalle (D:12)
  7 orc high priests
  A sixfirhy (Zot:1)
  6 wretched stars
  Sonja (Lair:2)
  19 iron trolls
  5 skysharks
  2 pharaoh ants
  The ghost of Sapher the Geomancer, a novice MDEE of Cheibriados (D:11)
  79 deep trolls
  28 skeletal warriors
  A storm dragon skeleton (Crypt:1)
  Lodul (D:11)
  4 flayed ghosts
  4 spriggan druids
  A mana viper (shapeshifter) (D:13)
  3 goliath frogs
  11 bog bodies
  A glowing orange brain (Vaults:3)
  7 large abominations
  15 swamp dragons
  12 deep elf archers
  An obsidian statue (Zot:5)
  6 arcanists
  9 orb spiders
  A sun moth (Spider:1)
  14 ironbound convokers
  5 phantasmal warriors
  19 lindwurms
  24 orc knights
  An anaconda skeleton (Crypt:3)
  22 wolf spiders
  A harpy (shapeshifter) (D:13)
  3 harpies (Vaults:2)
  9 steelbarb worms
  27 deep elf zephyrmancers
  35 deep elf pyromancers
  A necromancer (Vaults:5)
  2 orc sorcerers
  7 cyclopes
  9 manticores
  36 ugly things
  8 will-o-the-wisps
  A shining eye (shapeshifter) (D:13)
  2 kobold blastminers (Orc:1)
  Maurice (D:11)
  26 moths of wrath
  8 elephants
  A worldbinder (Abyss:3)
  2 apocalypse crabs
  4 meliai
  2 spectral centaurs (D:11)
  43 slime creatures
  An iron dragon skeleton (Crypt:2)
  4 black mambas
  16 vault sentinels
  A smoke demon (D:12)
  Maggie (Lair:2)
  A gargoyle (D:13)
  4 torpor snails
  2 orange demons
  8 cane toads
  4 unseen horrors
  2 kobold demonologists (D:14)
  2 rime drakes
  11 komodo dragons
  A grey draconian zombie (Crypt:2)
  2 ice devils
  19 yaktaurs
  An alligator snapping turtle skeleton (Crypt:2)
  An efreet (D:15)
  Psyche (D:9)
  A black draconian skeleton (Crypt:2)
  5 freezing wraiths
  A purple draconian skeleton (Crypt:1)
  2 ancient zymes
  A hellion (D:3)
  4 tengu conjurers
  A redback zombie (Crypt:1)
  A guardian mummy (Crypt:3)
  2 yaktaurs (shapeshifter)
  A tormentor (D:14)
  6 trolls
  A white draconian skeleton (Crypt:3)
  A wolf spider simulacrum (D:15)
  A polar bear (shapeshifter) (D:15)
  8 polar bears
  A tyrant leech (shapeshifter) (Vaults:5)
  A bloated husk (Swamp:3)
  18 hornets
  A hellwing (Abyss:1)
  11 tyrant leeches
  15 tarantellas
  13 blink frogs
  The ghost of Goblin1989 the Sneak, an amateur CoBr of Uskayaw (D:4)
  A dream sheep (shapeshifter) (Elf:3)
  2 dream sheep (Lair:5)
  27 jumping spiders
  A boulder beetle zombie (Crypt:3)
  A radroach zombie (Crypt:1)
  3 centaur simulacra
  A meliai zombie (Crypt:2)
  3 air elementals
  28 spriggans
  A naga simulacrum (Abyss:1)
  7 shadows
  5 vampires
  9 culicivoras
  2 spriggans (shapeshifter) (D:13)
  7 water elementals
  13 wraiths
  A satyr skeleton (Crypt:2)
  2 ynoxinuls (Abyss:1)
  3 basilisks
  A wyvern (Lair:4)
  26 yaks
  3 fire elementals (Elf:3)
  A steam dragon (D:6)
  61 redbacks
  11 wargs (Orc:2)
  2 neqoxecs
  A glowing shapeshifter zombie (Crypt:2)
  7 vampire mosquitoes
  3 chaos spawn
  A faun zombie (Crypt:1)
  A merfolk zombie (Crypt:3)
  21 swamp worms
  4 hell hounds (Zot:5)
  12 water moccasins
  A demonspawn skeleton (Crypt:3)
  10 swamp drakes
  A meliai simulacrum (D:15)
  62 orc warriors
  A snapping turtle zombie (Crypt:3)
  A sky beast (D:6)
  8 laughing skulls
  8 black bears
  3 ice beasts
  An ogre (shapeshifter) (D:15)
  12 boggarts
  A lindwurm skeleton (Crypt:1)
  16 ogres
  A blink frog zombie (Crypt:2)
  4 centaurs
  31 wolves
  A phantom (D:6)
  4 kobold brigands
  A salamander zombie (Crypt:3)
  10 bullfrogs
  5 earth elementals
  3 gnoll sergeants
  3 scorpions
  An elf skeleton (Crypt:3)
  11 small abominations
  11 wights
  A hornet simulacrum (D:14)
  13 killer bees
  2 electric eels (Lair:4)
  2 howler monkeys
  4 crimson imps (D:12)
  A wolf skeleton (Crypt:2)
  A wolf zombie (Crypt:1)
  A raiju skeleton (Crypt:3)
  2 bombardier beetles (D:7)
  A quasit (Abyss:1)
  4 hounds
  6 jellies (Lair:4)
  31 orc priests
  A basilisk skeleton (Crypt:2)
  An iron imp (Abyss:1)
  3 iguanas
  A sleepcap (D:7)
  20 orc wizards
  A killer bee zombie (Crypt:3)
  A boggart simulacrum (D:11)
  12 mummies (Crypt:3)
  11 gnolls
  11 adders
  6 white imps
  2 ufetubi (D:7)
  4 dart slugs
  2 ribbon worms (D:2)
  128 orcs
  4 bats (D:1)
  4 endoplasms
  A giant cockroach (D:2)
  7 hobgoblins
  2 quokkas
  5 ball pythons
  A bombardier beetle zombie (Crypt:2)
  4 frilled lizards
  A gnoll skeleton (Crypt:1)
  7 goblins
  23 kobolds
  A quokka zombie (Crypt:3)
  8 rats
  12 aspiring fleshes
  3 ball lightnings (Depths:2)
  A lurking horror (Abyss:3)
2584 creatures vanquished.

Vanquished Creatures (collateral kills)
  A vault guard (Vaults:5)
1 creature vanquished.

Vanquished Creatures (others)
  A pandemonium lord (Zot:5)
  A tentacled monstrosity (Zot:1)
  An eldritch tentacle (Elf:3)
  An ironbound preserver (Vaults:5)
  A stone giant (Depths:4)
  A purple draconian (Zot:3)
  A lorocyproca (Zot:5)
  A radroach (shapeshifter) (Vaults:5)
  A glowing orange brain (Depths:3)
  A deep troll shaman (Depths:2)
  A deep troll earth mage (Depths:2)
  A sun demon (Zot:5)
  An iron troll (Depths:2)
  2 deep elf knights
  A large abomination (Abyss:1)
  An ugly thing (shapeshifter) (Vaults:5)
  A cyclops (shapeshifter) (Abyss:3)
  A rust devil (Depths:2)
  A smoke demon (Depths:2)
  A cane toad (shapeshifter) (D:15)
  An ancient zyme (Abyss:1)
  4 bloated husks (Swamp:1)
  A tengu conjurer (Depths:4)
  A wolf spider simulacrum (D:15)
  5 dream sheep (D:8)
  8 slime creatures
  A spriggan (Swamp:3)
  A wyvern (shapeshifter) (Abyss:3)
  A naga (shapeshifter) (Vaults:5)
  A swamp worm (shapeshifter) (Vaults:5)
  A swamp drake (Swamp:3)
  A brain worm (Abyss:3)
  A water moccasin zombie (Crypt:1)
  116 jellies
  A ball lightning (Zot:5)
  16 foxfires
  5 starspawn tentacles (Abyss:3)
186 creatures vanquished.

Grand Total: 2771 creatures vanquished

Notes
Turn   | Place    | Note
-------+----------+-------------------------------------------
     0 | D:1      | CraftyCompanion the Coglin Warper began the quest for the
                  | Orb.
     0 | D:1      | Reached XP level 1. HP: 16/16 MP: 3/3
    56 | D:1      | Reached skill level 1 in Armour
    66 | D:1      | Reached XP level 2. HP: 14/22 MP: 4/4
   118 | D:1      | You fall into a shaft and drop 1 floor!
   245 | D:2      | Reached XP level 3. HP: 27/27 MP: 5/5
  1236 | D:2      | Reached XP level 4. HP: 33/34 MP: 6/6
  1650 | D:3      | HP: 1/34 [gnoll/+0 flail (7)]
  1996 | D:3      | Reached XP level 5. HP: 40/40 MP: 7/7
  2065 | D:3      | Found a faded altar of an unknown god.
  2130 | D:3      | Found a white marble altar of Elyvilon.
  2506 | D:3      | Became a worshipper of Elyvilon the Healer
  2640 | D:4      | Found a roughly hewn altar of Beogh.
  2703 | D:3      | Reached skill level 3 in Fighting
  2908 | D:4      | Reached XP level 6. HP: 25/47 MP: 8/8
  3100 | D:4      | Found Ruulor's Assorted Antiques.
  3109 | D:4      | Bought a scroll labelled ACUKHL BIRIVO for 33 gold pieces
  3109 | D:4      | Bought a scroll labelled LOIPLE UWNEKUN for 33 gold pieces
  3109 | D:4      | Bought a scroll labelled QUHONI NULLICK for 33 gold pieces
  3109 | D:4      | Bought a lumpy inky potion for 29 gold pieces
  3196 | D:4      | Found a large runed translucent door.
  3196 | D:4      | Found a large runed translucent door.
  3199 | D:4      | Noticed Goblin1989's ghost (amateur CoBr)
  3219 | D:4      | Reached * piety under Elyvilon
  3286 | D:4      | Found a hazy altar of Hepliaklqana.
  3293 | D:4      | Found an ornate altar of the Wu Jian Council.
  3475 | D:4      | Found a shadowy altar of Dithmenos.
  3642 | D:5      | Entered Level 5 of the Dungeon
  3862 | D:5      | Noticed a water moccasin
  3871 | D:5      | Killed a water moccasin
  3872 | D:5      | Reached XP level 7. HP: 32/53 MP: 9/9
  3881 | D:5      | Reached skill level 5 in Long Blades
  4044 | D:5      | Reached skill level 4 in Fighting
  4608 | D:5      | Reached ** piety under Elyvilon
  4626 | D:5      | Found a staircase to the Ecumenical Temple.
  4711 | D:5      | Reached XP level 8. HP: 24/60 MP: 10/10
  4715 | D:5      | Elyvilon protects you from harm!
  4717 | D:5      | HP: 3/60 [ice beast (5)]
  4719 | D:5      | HP: 1/60 [poisoned by an orc]
  5209 | Temple   | Entered the Ecumenical Temple
  5242 | Temple   | Fell from the grace of Elyvilon
  5242 | Temple   | Became a worshipper of Warmaster Okawaru
  5330 | D:6      | Reached skill level 1 in Invocations
  5431 | D:6      | Reached * piety under Okawaru
  5528 | D:6      | Reached skill level 5 in Fighting
  5678 | D:6      | Reached XP level 9. HP: 28/68 MP: 11/11
  6023 | D:6      | Learned a level 2 spell: Blink
  6028 | D:6      | Learned a level 4 spell: Manifold Assault
  6448 | D:6      | Identified a scroll of acquirement
  6452 | D:6      | Acquired a +5 vampiric demon blade
  6656 | D:7      | Reached ** piety under Okawaru
  6784 | D:7      | Reached skill level 5 in Dodging
  7465 | D:8      | Found a staircase to the Lair.
  7614 | D:8      | Found a sparkling altar of Nemelex Xobeh.
  7704 | D:8      | Found a shimmering altar of Xom.
  7716 | D:8      | Reached skill level 5 in Armour
  7887 | D:8      | Reached skill level 6 in Fighting
  8003 | D:8      | Reached XP level 10. HP: 76/76 MP: 14/14
  8018 | D:8      | Reached *** piety under Okawaru
  8163 | D:8      | Noticed a two-headed ogre
  8170 | D:8      | Killed a two-headed ogre
  8229 | D:8      | Found an opulent altar of Gozag.
  8683 | D:9      | Noticed a two-headed ogre
  8689 | D:9      | Killed a two-headed ogre
  8689 | D:9      | Reached **** piety under Okawaru
  8769 | D:9      | Noticed a two-headed ogre
  8777 | D:9      | Killed a two-headed ogre
  8778 | D:9      | Reached skill level 5 in Translocations
  8781 | D:9      | Noticed Psyche
  8794 | D:9      | Reached skill level 7 in Fighting
  8802 | D:9      | Killed Psyche
  8802 | D:9      | Reached ***** piety under Okawaru
  8857 | D:9      | Noticed a two-headed ogre
  8860 | D:9      | Killed a two-headed ogre
  8861 | D:9      | Reached skill level 10 in Long Blades
  8861 | D:9      | Reached XP level 11. HP: 53/84 MP: 17/17
  9000 | D:9      | Found a flagged portal.
  9013 | Bailey   | Entered a bailey
  9299 | Bailey   | Noticed an orc knight
  9299 | Bailey   | Noticed an orc knight
  9299 | Bailey   | Noticed an orc knight
  9560 | Bailey   | Killed an orc knight
  9722 | Bailey   | Killed an orc knight
  9886 | D:9      | Reached skill level 5 in Invocations
 10269 | D:10     | Entered Level 10 of the Dungeon
 10336 | D:10     | Found a staircase to the Orcish Mines.
 10369 | D:10     | Noticed Urug
 10509 | D:10     | Killed Urug
 10536 | D:10     | Noticed Gastronok
 10553 | D:10     | Killed Gastronok
 10554 | D:10     | Reached skill level 8 in Fighting
 10991 | D:10     | Found a bloodstained altar of Trog.
 11041 | D:10     | Noticed a two-headed ogre
 11048 | D:10     | Killed a two-headed ogre
 11103 | D:10     | Noticed a two-headed ogre
 11103 | D:10     | Noticed a two-headed ogre
 11107 | D:10     | Found a transporter.
 11107 | D:10     | Noticed BigAl98's ghost (journeyman MDFi)
 11107 | D:10     | Noticed a two-headed ogre
 11110 | D:10     | Noticed a two-headed ogre
 11110 | D:10     | Noticed a two-headed ogre
 11163 | D:10     | Found a shimmering blue altar of Sif Muna.
 11175 | D:10     | Found a broken altar of Ashenzari.
 11347 | D:10     | Noticed Fannar
 11357 | D:10     | Killed Fannar
 11357 | D:10     | Received a gift from Okawaru
 11545 | D:4      | Killed Goblin1989's ghost
 11546 | D:4      | Reached XP level 12. HP: 90/92 MP: 18/18
 11616 | Lair:1   | Entered Level 1 of the Lair of Beasts
 11623 | Lair:1   | Found a shadowy altar of Dithmenos.
 11792 | Lair:1   | Received a gift from Okawaru
 12302 | D:4      | Bought a scroll of blinking for 247 gold pieces
 12412 | Lair:2   | Noticed an eight-headed hydra
 12469 | Lair:2   | Noticed a skyshark
 12478 | Lair:2   | Killed a skyshark
 13146 | Lair:2   | Noticed Erica
 13433 | Lair:2   | Killed Erica
 13436 | Lair:2   | Noticed a skyshark
 13478 | Lair:2   | Killed a skyshark
 13678 | Lair:2   | Noticed a boulder beetle
 13717 | Lair:2   | Killed a boulder beetle
 13990 | Lair:2   | Noticed Sonja
 14001 | Lair:2   | Killed Sonja
 14134 | Lair:2   | Killed a 14-headed hydra
 14358 | Lair:2   | Reached XP level 13. HP: 69/100 MP: 19/19
 14447 | Lair:2   | Identified the +2 war axe of Waox {flame, rF+ Str+3 Dex+3}
 14447 | Lair:2   | Noticed Maggie
 14454 | Lair:2   | Killed Maggie
 14869 | Lair:3   | Received a gift from Okawaru
 15019 | Lair:3   | Reached skill level 9 in Fighting
 15345 | Lair:3   | Received a gift from Okawaru
 15449 | Lair:3   | Found a staircase to the Swamp.
 15715 | Lair:3   | Found a hole to the Spider Nest.
 16794 | Lair:4   | Reached skill level 10 in Fighting
 16800 | Lair:4   | Reached ****** piety under Okawaru
 16809 | Lair:4   | Acquired the +1 hat of the Four Artisans {rC+ Dex+3}
 16809 | Lair:4   | Received a gift from Okawaru
 16910 | Lair:4   | Received a gift from Okawaru
 17009 | Lair:4   | Found a staircase to the Slime Pits.
 17062 | Lair:4   | Found a viscous altar of Jiyva.
 17216 | Lair:4   | Reached XP level 14. HP: 110/110 MP: 21/21
 17606 | Lair:5   | Entered Level 5 of the Lair of Beasts
 17698 | Lair:5   | Received a gift from Okawaru
 18091 | Lair:5   | Reached skill level 11 in Fighting
 18092 | Lair:5   | Reached skill level 10 in Invocations
 18530 | Lair:5   | Received a gift from Okawaru
 18826 | D:8      | Acquired the +11 scimitar of Innocence {flame, ^Fragile
                  | rElec Int-2 Dex+9}
 18826 | D:8      | Received a gift from Okawaru
 18924 | Orc:1    | Entered Level 1 of the Orcish Mines
 19110 | Orc:2    | Entered Level 2 of the Orcish Mines
 19141 | Orc:2    | Noticed an orc warlord
 19150 | Orc:1    | Killed an orc warlord
 19578 | Orc:2    | Received a gift from Okawaru
 19616 | Orc:2    | Found Rapposenuwn's Armour Shop.
 19647 | Orc:2    | Found Nautz's Assorted Antiques.
 19664 | Orc:2    | Bought a scroll labelled PYPSAC XINTOE for 34 gold pieces
 19755 | Orc:2    | Found Poatonwe's Jewellery Boutique.
 20023 | Orc:2    | Found a staircase to the Elven Halls.
 20119 | Orc:1    | Reached XP level 15. HP: 119/120 MP: 22/22
 20299 | Orc:2    | Found Tazey's Distillery.
 20302 | Orc:2    | Bought a potion of invisibility for 128 gold pieces
 20302 | Orc:2    | Bought a potion of curing for 48 gold pieces
 20302 | Orc:2    | Bought a potion of curing for 48 gold pieces
 20302 | Orc:2    | Bought a potion of curing for 48 gold pieces
 20302 | Orc:2    | Bought 2 potions of berserk rage for 160 gold pieces
 20422 | Orc:2    | Found Jeasugipt's Armour Shop.
 20456 | Orc:2    | Found a roughly hewn altar of Beogh.
 20755 | Orc:2    | Bought a glittering iron ring for 170 gold pieces
 20755 | Orc:2    | Identified the ring of Riukorih {rF- rC+ Dex+4} (You bought
                  | it in a shop on level 2 of the Orcish Mines)
 20755 | Orc:2    | Bought a scroll of enchant weapon for 255 gold pieces
 20788 | Orc:2    | Bought a +2 pair of gloves of strength for 236 gold pieces
 21172 | D:11     | Received a gift from Okawaru
 21189 | D:11     | Noticed Maurice
 21195 | D:11     | Killed Maurice
 21245 | D:11     | Noticed Lodul
 21254 | D:11     | Killed Lodul
 21482 | D:11     | Found Lebet's Magic Scroll Shop.
 21485 | D:11     | Bought a scroll of blinking for 97 gold pieces
 21485 | D:11     | Bought a scroll of teleportation for 39 gold pieces
 21835 | D:11     | Found a runed translucent gate.
 21836 | D:11     | Found a runed translucent gate.
 21837 | D:11     | Found a runed translucent gate.
 21841 | D:11     | Noticed Sapher's ghost (novice MDEE)
 21853 | D:11     | Reached skill level 12 in Fighting
 21862 | D:11     | Killed Sapher's ghost
 22089 | D:12     | Identified the +7 broad axe "Atuocu" {freeze, rPois rC+
                  | Int+2 Dex+3}
 22437 | D:12     | Received a gift from Okawaru
 22764 | D:12     | Found Soit's Assorted Antiques.
 22768 | D:12     | Bought a fine helmet for 304 gold pieces
 22768 | D:12     | Identified the +2 helmet "Cubarot" {rC++ Int-5 SInv Stlth-}
                  | (You bought it in a shop on level 12 of the Dungeon)
 22904 | D:12     | Noticed Nergalle
 22912 | D:12     | Killed Nergalle
 23218 | D:13     | Reached skill level 10 in Dodging
 23377 | D:13     | Noticed a fire giant
 23383 | D:13     | Received a gift from Okawaru
 23384 | D:13     | Reached skill level 10 in Armour
 23394 | D:13     | Killed a fire giant
 23433 | D:13     | Reached skill level 13 in Fighting
 23438 | D:13     | Received a gift from Okawaru
 23626 | D:13     | Reached XP level 16. HP: 120/131 MP: 24/24
 23630 | D:13     | Noticed a shadow dragon
 23644 | D:13     | Killed a shadow dragon
 23816 | D:13     | Received a gift from Okawaru
 23841 | D:13     | Noticed a sphinx
 23846 | D:13     | Killed a sphinx
 23847 | D:13     | Reached skill level 14 in Fighting
 24361 | D:14     | Noticed Josephine
 24374 | D:14     | Killed Josephine
 24451 | D:14     | Reached skill level 15 in Fighting
 24649 | D:14     | Found Lotov's Armour Emporium.
 24848 | D:14     | Found a gate to the Vaults.
 24917 | D:15     | Entered Level 15 of the Dungeon
 24926 | D:15     | Received a gift from Okawaru
 25022 | D:15     | Reached skill level 5 in Spellcasting
 25099 | D:15     | Received a gift from Okawaru
 25151 | D:15     | Found a glowing golden altar of the Shining One.
 25151 | D:15     | Found a shimmering altar of Xom.
 25270 | D:15     | Found a staircase to the Depths.
 25349 | D:15     | Found a burning altar of Makhleb.
 25488 | D:15     | Identified the +8 halberd "Death Rattle" {drain, Stlth+}
 25827 | D:15     | Noticed Jorgrun
 25834 | D:15     | Killed Jorgrun
 25875 | D:15     | Reached XP level 17. HP: 133/142 MP: 26/26
 25909 | D:15     | Received a gift from Okawaru
 26263 | D:15     | Noticed a sphinx
 26270 | D:15     | Killed a sphinx
 26337 | D:15     | Identified the +2 dagger of Inflation {drain, rPois SInv}
 26423 | D:15     | Identified the ring of Xukux {Wiz Dex+3}
 27149 | D:15     | Received a gift from Okawaru
 27152 | D:15     | Reached skill level 10 in Translocations
 27402 | D:15     | Acquired 461 gold pieces
 27403 | D:15     | Acquired a manual of Long Blades
 27404 | D:15     | Acquired 918 gold pieces
 27668 | Swamp:1  | Entered Level 1 of the Swamp
 28627 | Swamp:2  | Received a gift from Okawaru
 29102 | Swamp:2  | Identified the serpent talisman of Fytrocuj {rElec Int+2}
 29102 | Swamp:2  | Noticed Aizul
 29113 | Swamp:2  | Killed Aizul
 29214 | Swamp:2  | Noticed Nikola
 29227 | Swamp:2  | Killed Nikola
 29489 | Swamp:3  | Reached XP level 18. HP: 121/149 MP: 18/31
 29524 | Swamp:3  | Received a gift from Okawaru
 29639 | Swamp:3  | Reached skill level 10 in Spellcasting
 30315 | Spider:1 | Entered Level 1 of the Spider Nest
 31606 | Spider:1 | Received a gift from Okawaru
 32335 | Spider:2 | Received a gift from Okawaru
 32899 | Spider:3 | Identified the +3 leather armour of Snakes and Ladders {rC-
                  | Int+3 SInv}
 32937 | Spider:3 | Reached skill level 15 in Translocations
 33307 | Spider:4 | Entered Level 4 of the Spider Nest
 33589 | Spider:4 | Received a gift from Okawaru
 33930 | Spider:4 | Noticed Donald
 33937 | Spider:4 | Reached XP level 19. HP: 155/155 MP: 33/33
 33942 | Spider:4 | Killed Donald
 34218 | Spider:4 | Received a gift from Okawaru
 34458 | Spider:4 | Got a gossamer rune of Zot
 34807 | Spider:4 | Acquired a +3 double sword of holy wrath
 34815 | Spider:4 | Acquired 806 gold pieces
 35005 | Spider:4 | Identified the +6 mace "Quth" {venom, rC+ Int+3 Dex+3}
 35244 | Swamp:4  | Entered Level 4 of the Swamp
 35248 | Swamp:4  | Received a gift from Okawaru
 36511 | Swamp:4  | Received a gift from Okawaru
 36962 | Swamp:4  | Got a decaying rune of Zot
 36991 | Swamp:4  | Reached skill level 15 in Long Blades
 37135 | Swamp:4  | Identified the ring "Tefoveez" {Will+ Dex+6 Slay-3}
 37489 | D:10     | Found a transporter.
 37503 | D:10     | Killed BigAl98's ghost
 37772 | Vaults:1 | Entered Level 1 of the Vaults
 37938 | Vaults:1 | Received a gift from Okawaru
 38079 | Vaults:1 | Reached XP level 20. HP: 162/162 MP: 4/34
 39187 | Vaults:1 | Received a gift from Okawaru
 39680 | Vaults:2 | Found a staircase to the Crypt.
 40157 | Vaults:2 | Received a gift from Okawaru
 40250 | Vaults:2 | Found a roughly hewn altar of Beogh.
 41546 | Vaults:2 | Learned a level 4 spell: Passage of Golubria
 41679 | Vaults:3 | Received a gift from Okawaru
 41683 | Vaults:3 | Noticed Xtahua
 41849 | Vaults:3 | Paralysed by Xtahua for 2 turns
 41862 | Vaults:3 | Killed Xtahua
 42158 | Vaults:3 | Noticed Jory
 42174 | Vaults:3 | Reached XP level 21. HP: 131/168 MP: 2/37
 42179 | Vaults:3 | Killed Jory
 42327 | Vaults:3 | Received a gift from Okawaru
 42511 | Vaults:3 | Noticed a dread lich
 42531 | Vaults:3 | Killed a dread lich
 43325 | Vaults:3 | Received a gift from Okawaru
 43841 | Vaults:3 | Found Adopt's Distillery.
 43844 | Vaults:3 | Bought a potion of heal wounds for 95 gold pieces
 43844 | Vaults:3 | Bought a potion of haste for 190 gold pieces
 43844 | Vaults:3 | Bought a potion of might for 76 gold pieces
 44189 | Vaults:4 | Reached skill level 15 in Dodging
 44474 | Vaults:4 | Received a gift from Okawaru
 45359 | Vaults:4 | Received a gift from Okawaru
 45629 | Vaults:4 | Reached XP level 22. HP: 175/175 MP: 40/40
 45921 | Vaults:4 | Reached skill level 15 in Spellcasting
 45990 | Vaults:4 | Found a white marble altar of Elyvilon.
 46277 | Elf:1    | Entered Level 1 of the Elven Halls
 46330 | Elf:1    | Noticed Agnes
 46511 | Elf:1    | Received a gift from Okawaru
 46634 | Elf:1    | Killed Agnes
 47005 | Elf:1    | You fall into a shaft and drop 1 floor!
 47272 | Elf:2    | Found Qowepoli's General Store.
 47503 | Elf:2    | Found a runed translucent gate.
 47503 | Elf:2    | Found a runed translucent gate.
 47504 | Elf:2    | Found a runed translucent gate.
 47564 | Elf:2    | Found Fynlufer's Distillery.
 47569 | Elf:2    | Bought 2 potions of heal wounds for 160 gold pieces
 47569 | Elf:2    | Bought a potion of curing for 48 gold pieces
 47951 | Elf:1    | Found Igypsys's General Store.
 47955 | Elf:1    | Bought a scroll of blinking for 112 gold pieces
 47955 | Elf:1    | Bought a scroll of enchant weapon for 112 gold pieces
 48858 | Elf:2    | Received a gift from Okawaru
 49018 | Elf:2    | Reached skill level 16 in Fighting
 49479 | Elf:3    | Entered Level 3 of the Elven Halls
 49567 | Elf:3    | Found a portal to a secret trove of treasure.
 49684 | Elf:3    | Found Melodidd's Antique Armour Emporium.
 49756 | Elf:3    | Found Olicyew's Weapon Shoppe.
 50575 | Elf:3    | Received a gift from Okawaru
 50823 | Elf:3    | Found a runed translucent gate.
 50823 | Elf:3    | Found a runed translucent gate.
 50824 | Elf:3    | Found a runed translucent gate.
 50828 | Elf:3    | Noticed Nilihum's ghost (adept CoGl)
 50830 | Elf:3    | Identified the +1 great mace of the Wolf {flame, *Corrode
                  | ^Drain rC+++ Str+4}
 50872 | Elf:3    | Reached XP level 23. HP: 179/185 MP: 14/42
 51466 | Elf:3    | Identified the +0 pair of boots of Liow {rElec rPois Dex+4}
 51480 | Elf:3    | Identified the +0 ring mail of the Boiling Point {Harm rF+
                  | Int-4 Dex+5}
 51484 | Elf:3    | Got Paast's Vellum of Fate
 51645 | Elf:3    | Identified the +0 cloak of Zicwun {rCorr Str+3}
 51853 | Elf:3    | Received a gift from Okawaru
 52051 | Elf:3    | Killed Nilihum's ghost
 52169 | Elf:3    | Identified the +2 pair of gloves of the Barnacle {*Slow
                  | Str+4}
 52779 | Lair:4   | Fell from the grace of Okawaru
 52779 | Lair:4   | Became a worshipper of Jiyva Jedauvat the Shapeless
 53161 | Crypt:1  | Entered Level 1 of the Crypt
 53395 | Crypt:1  | Reached skill level 17 in Fighting
 53497 | Crypt:1  | Noticed Sojobo
 53508 | Crypt:1  | Killed Sojobo
 53928 | Crypt:1  | Reached * piety under Jiyva
 54096 | Crypt:1  | Reached ** piety under Jiyva
 54667 | Crypt:2  | Noticed Zenata
 54675 | Crypt:2  | Killed Zenata
 55063 | Crypt:3  | Entered Level 3 of the Crypt
 55289 | Crypt:3  | Reached *** piety under Jiyva
 55303 | Crypt:3  | Gained mutation: You have acidic saliva. [Jiyva's grace]
 55303 | Crypt:3  | Gained mutation: Your mind is acute. (Int +4, Str/Dex -1)
                  | [Jiyva's grace]
 55303 | Crypt:3  | Gained mutation: Your mind is very acute. (Int +8, Str/Dex
                  | -2) [Jiyva's grace]
 55303 | Crypt:3  | Gained mutation: Your translucent skin slightly reduces
                  | your foes' accuracy. (Stealth+) [Jiyva's grace]
 55408 | Crypt:3  | Found a staircase to the Tomb.
 55933 | Crypt:3  | Found an ancient bone altar of Kikubaaqudgha.
 55933 | Crypt:3  | Noticed a royal mummy
 55940 | Crypt:3  | Killed a royal mummy
 55941 | Crypt:3  | Reached XP level 24. HP: 179/197 MP: 21/42
 55948 | Crypt:3  | Reached skill level 18 in Fighting
 55970 | Crypt:3  | Found a basalt altar of Yredelemnul.
 56028 | Crypt:3  | Identified the ring "Suomarif" {Int+2 SInv}
 56029 | Crypt:3  | Identified the +10 flail of Execution {venom, Dex+5}
 56075 | Crypt:3  | Identified the ring of Xom's Envy {rElec rN+ Str+3 Int+3
                  | Slay+2}
 56078 | Crypt:3  | Identified the staff of the Beginning {Dex+3 Earth}
 56546 | Depths:1 | Entered Level 1 of the Depths
 56596 | Depths:1 | Paralysed by a vampire knight for 5 turns
 56631 | Depths:1 | Reached **** piety under Jiyva
 56792 | Depths:1 | Found a gateway to Hell.
 56868 | Depths:1 | Found a corrupted altar of Lugonu.
 56868 | Depths:1 | Found a one-way gate to the infinite horrors of the Abyss.
 56891 | Depths:1 | Found Zin's Purification Station.
 56893 | Depths:1 | Found a glowing silver altar of Zin.
 57197 | Depths:2 | Reached ***** piety under Jiyva
 57236 | Depths:2 | Lost mutation: You have acidic saliva. [Jiyva's grace]
 57236 | Depths:2 | Gained mutation: Your translucent skin reduces your foes'
                  | accuracy. (Stealth+) [Jiyva's grace]
 57236 | Depths:2 | Gained mutation: Your transparent skin significantly
                  | reduces your foes' accuracy. (Stealth+) [Jiyva's grace]
 57236 | Depths:2 | Gained mutation: You have a small jelly attached to you
                  | that senses nearby items. [Jiyva's grace]
 57236 | Depths:2 | Gained mutation: Armour fits poorly on your pseudopods.
                  | [Jiyva's grace]
 57311 | Depths:2 | Noticed the Enchantress
 57318 | Depths:2 | Killed the Enchantress
 57381 | Depths:2 | Noticed Grunn
 57390 | Depths:2 | Killed Grunn
 57494 | Depths:2 | Noticed a caustic shrike
 57499 | Depths:2 | Killed a caustic shrike
 57548 | Depths:2 | Identified the ring of Secrets {rF++ Str+6 Dex-5 Slay+2
                  | SInv}
 57921 | Depths:2 | Found a runed translucent door.
 57922 | Depths:2 | Noticed Jymib's ghost (veteran DgCj)
 58077 | Depths:2 | Found a one-way gate leading to the halls of Pandemonium.
 58573 | Depths:3 | Reached skill level 19 in Fighting
 58795 | Depths:3 | Reached skill level 15 in Armour
 58978 | Depths:3 | Found a stormy altar of Qazlal.
 59071 | Depths:3 | Noticed a dread lich
 59072 | Depths:3 | Noticed a dread lich
 59074 | Depths:3 | Noticed an ancient lich
 59205 | Depths:3 | Found a one-way gateway to a ziggurat.
 59221 | Depths:3 | Paralysed by something for 3 turns
 59600 | Depths:3 | Killed an ancient lich
 59601 | Depths:3 | Reached XP level 25. HP: 195/202 MP: 32/42
 59608 | Depths:3 | Killed a dread lich
 59718 | Depths:3 | Killed a dread lich
 59753 | Depths:4 | Entered Level 4 of the Depths
 59880 | Depths:4 | Found a gate to the Realm of Zot.
 60120 | Depths:4 | Lost mutation: Your mind is very acute. (Int +8, Str/Dex
                  | -2) [Jiyva's grace]
 60120 | Depths:4 | Lost mutation: Armour fits poorly on your pseudopods.
                  | [Jiyva's grace]
 60120 | Depths:4 | Gained mutation: You have a small jelly attached to you
                  | that may absorb projectiles. [Jiyva's grace]
 60120 | Depths:4 | Gained mutation: You are covered in fur. (AC +1) [Jiyva's
                  | grace]
 60120 | Depths:4 | Gained mutation: You are covered in thick fur. (AC +2)
                  | [Jiyva's grace]
 60120 | Depths:4 | Gained mutation: Your thick and shaggy fur keeps you warm.
                  | (AC +3, rC+) [Jiyva's grace]
 60210 | Depths:4 | Found a runed translucent gate.
 60210 | Depths:4 | Found a runed translucent gate.
 60210 | Depths:4 | Found a runed translucent gate.
 60211 | Depths:4 | Reached ****** piety under Jiyva
 60219 | Depths:4 | Noticed Gaexku's ghost (veteran DrSh)
 60419 | Depths:4 | Reached skill level 20 in Fighting
 60886 | Depths:4 | Killed Gaexku's ghost
 61030 | Depths:2 | Killed Jymib's ghost
 61047 | Depths:2 | Found a runed translucent door.
 61049 | Depths:2 | Noticed Nico3ck's ghost (adept CoGl)
 61071 | Depths:2 | Killed Nico3ck's ghost
 61073 | Depths:2 | Found a runed translucent door.
 61078 | Depths:2 | Noticed Kuligiro's ghost (veteran DsWn)
 61100 | Depths:2 | Killed Kuligiro's ghost
 61144 | Depths:2 | Identified the ring "Qeenwin" {rN+ Str-2 Dex+2 SInv}
 61468 | D:8      | Was forgiven by Okawaru
 61561 | Slime:1  | Entered Level 1 of the Pits of Slime
 61602 | Slime:5  | Entered Level 5 of the Pits of Slime
 61602 | Slime:5  | Found the +12 glaive of Prune {freeze, Prune}
 61623 | Slime:5  | Got a slimy rune of Zot
 61625 | Slime:5  | Got a starry gem with 538 turns to spare
 61628 | Slime:5  | Identified the staff "Xily" {Str+5 Earth}
 61633 | Slime:5  | Found a viscous altar of Jiyva.
 61636 | Slime:5  | Identified the ring "Gusorini" {Fire rCorr Str+3 Int-2}
 61638 | Slime:5  | Identified the +2 whip of the Hills {protect, rN+ Stlth+}
 61644 | Slime:5  | Found the +5 demon whip "Spellbinder" {antimagic, disrupt,
                  | Will+}
 61648 | Slime:5  | Identified the +5 demon whip "Qegoajee" {pain, rF+}
 61652 | Slime:5  | Identified the +1 cloak of Hairiness {Str+3 Int-3}
 61785 | Slime:5  | Noticed the Royal Jelly
 62239 | Vaults:5 | Entered Level 5 of the Vaults
 62330 | Vaults:5 | Paralysed by a sphinx for 4 turns
 62418 | Vaults:5 | Found the +8 storm bow {elec, penet}
 62482 | Vaults:5 | Got a silver rune of Zot
 62632 | Vaults:5 | Reached XP level 26. HP: 220/220 MP: 32/42
 62655 | Vaults:5 | Noticed a dread lich
 62692 | Vaults:5 | Identified the +3 broad axe "Meteuz" {freeze, Dex+3}
 62747 | Vaults:5 | Identified the +4 ring mail of the Hecatoncheires {Str+5}
 62751 | Vaults:5 | Reached skill level 21 in Fighting
 62807 | Vaults:5 | Found Dak Zab's Assorted Antiques.
 62815 | Vaults:5 | Bought a scroll of enchant armour for 247 gold pieces
 62975 | Vaults:5 | Killed a dread lich
 63032 | Vaults:5 | Found Yhedet's Magic Scroll Emporium.
 63037 | Vaults:5 | Bought a scroll of brand weapon for 180 gold pieces
 63037 | Vaults:5 | Bought a scroll of teleportation for 57 gold pieces
 63186 | Vaults:5 | Noticed an ancient lich
 63191 | Vaults:5 | Killed an ancient lich
 63232 | Vaults:5 | Found Reotu's Distillery.
 63240 | Vaults:5 | Bought a potion of heal wounds for 70 gold pieces
 63240 | Vaults:5 | Bought a potion of mutation for 112 gold pieces
 63409 | Vaults:5 | Acquired 645 gold pieces
 63531 | Vaults:5 | Lost mutation: Your transparent skin significantly reduces
                  | your foes' accuracy. (Stealth+) [Jiyva's grace]
 63531 | Vaults:5 | Gained mutation: Armour fits poorly on your pseudopods.
                  | [Jiyva's grace]
 63531 | Vaults:5 | Gained mutation: Armour fits poorly on your large
                  | pseudopods. [Jiyva's grace]
 63531 | Vaults:5 | Gained mutation: Armour fits poorly on your massive
                  | pseudopods. [Jiyva's grace]
 63531 | Vaults:5 | Gained mutation: You are covered in slimy tendrils that may
                  | disarm your opponents. [Jiyva's grace]
 64200 | Depths:3 | Voluntarily entered the Abyss.
 64205 | Abyss:1  | Found a corrupted altar of Lugonu.
 64315 | Abyss:1  | Found a corrupted altar of Lugonu.
 64432 | Abyss:2  | Found a corrupted altar of Lugonu.
 64434 | Abyss:2  | Found a corrupted altar of Lugonu.
 64597 | Abyss:3  | Got an abyssal rune of Zot
 64644 | Depths:3 | Escaped the Abyss
 64685 | Zot:1    | Entered Level 1 of the Realm of Zot
 65024 | Zot:1    | Identified the +5 hand axe of Purpose {venom, Str+2}
 65501 | Zot:2    | Reached skill level 22 in Fighting
 65501 | Zot:2    | Reached XP level 27. HP: 231/231 MP: 27/42
 66005 | Zot:2    | Noticed an orb of fire
 66015 | Zot:2    | Killed an orb of fire
 66080 | Zot:2    | Lost mutation: Your thick and shaggy fur keeps you warm.
                  | (AC +3, rC+) [Jiyva's grace]
 66080 | Zot:2    | Lost mutation: Armour fits poorly on your massive
                  | pseudopods. [Jiyva's grace]
 66080 | Zot:2    | Gained mutation: You passively map a small area around you.
                  | [Jiyva's grace]
 66080 | Zot:2    | Gained mutation: You passively map the area around you.
                  | [Jiyva's grace]
 66080 | Zot:2    | Gained mutation: You passively map a large area around you.
                  | [Jiyva's grace]
 66080 | Zot:2    | Gained mutation: Your muscles are strong. (Str +4, Int/Dex
                  | -1) [Jiyva's grace]
 66287 | Zot:2    | Noticed an orb of fire
 66287 | Zot:2    | Lost mutation: Your muscles are strong. (Str +4, Int/Dex
                  | -1) [an orb of fire]
 66298 | Zot:2    | Killed an orb of fire
 66475 | Zot:3    | Noticed an orb of fire
 66486 | Zot:3    | Killed an orb of fire
 66547 | Zot:3    | Found a transporter.
 66548 | Zot:3    | Found a transporter.
 66560 | Zot:3    | Found a transporter.
 66802 | Zot:3    | Found a transporter.
 66889 | Zot:3    | Reached skill level 23 in Fighting
 67032 | Zot:3    | Found a transporter.
 67038 | Zot:3    | Found a transporter.
 67762 | Zot:4    | Noticed an orb of fire
 67769 | Zot:4    | Killed an orb of fire
 68160 | Zot:5    | Entered Level 5 of the Realm of Zot
 68305 | Zot:5    | Lost mutation: You passively map a large area around you.
                  | [Jiyva's grace]
 68305 | Zot:5    | Lost mutation: You are covered in thick fur. (AC +2)
                  | [Jiyva's grace]
 68305 | Zot:5    | Lost mutation: Armour fits poorly on your large pseudopods.
                  | [Jiyva's grace]
 68305 | Zot:5    | Lost mutation: Your translucent skin reduces your foes'
                  | accuracy. (Stealth+) [Jiyva's grace]
 68305 | Zot:5    | Lost mutation: You are covered in slimy tendrils that may
                  | disarm your opponents. [Jiyva's grace]
 68305 | Zot:5    | Gained mutation: Armour fits poorly on your large
                  | pseudopods. [Jiyva's grace]
 68305 | Zot:5    | Gained mutation: Armour fits poorly on your massive
                  | pseudopods. [Jiyva's grace]
 68305 | Zot:5    | Gained mutation: You are covered in slimy tendrils that may
                  | disarm your opponents. [Jiyva's grace]
 68305 | Zot:5    | Gained mutation: Your body has grown eyes which may confuse
                  | attackers. (Acc +3) [Jiyva's grace]
 68594 | Zot:5    | Noticed an ancient lich
 68600 | Zot:5    | Killed an ancient lich
 68708 | Zot:5    | Reached skill level 24 in Fighting
 68790 | Zot:5    | Noticed an orb of fire
 68790 | Zot:5    | Noticed an orb of fire
 68794 | Zot:5    | Noticed a dread lich
 68800 | Zot:5    | Gained mutation: Your body sometimes deteriorates upon
                  | taking damage. [an orb of fire]
 68801 | Zot:5    | Killed an orb of fire
 68808 | Zot:5    | Gained mutation: You occasionally lose the ability to drink
                  | potions when taking damage. [an orb of fire]
 68871 | Zot:4    | Gained mutation: You occasionally lose the ability to read
                  | scrolls when taking damage. [an orb of fire]
 68872 | Zot:4    | Gained mutation: You are frail. (-10% HP) [an orb of fire]
 68879 | Zot:4    | Killed an orb of fire
 68889 | Zot:5    | Paralysed by a dread lich for 2 turns
 68896 | Zot:5    | Killed a dread lich
 69008 | Zot:5    | Noticed a dread lich
 69010 | Zot:5    | Paralysed by a dread lich for 3 turns
 69016 | Zot:5    | Killed a dread lich
 69020 | Zot:5    | Noticed a dread lich
 69023 | Zot:5    | Killed a dread lich
 69102 | Zot:5    | Lost mutation: You are covered in slimy tendrils that may
                  | disarm your opponents. [potion of mutation]
 69102 | Zot:5    | Lost mutation: You passively map the area around you.
                  | [potion of mutation]
 69102 | Zot:5    | Lost mutation: Your body sometimes deteriorates upon taking
                  | damage. [potion of mutation]
 69102 | Zot:5    | Lost mutation: You have a small jelly attached to you that
                  | may absorb projectiles. [potion of mutation]
 69102 | Zot:5    | Lost mutation: Your mind is acute. (Int +4, Str/Dex -1)
                  | [potion of mutation]
 69102 | Zot:5    | Gained mutation: You are agile. (Dex +4, Str/Int -1)
                  | [potion of mutation]
 69109 | Zot:5    | Lost mutation: You have a small jelly attached to you that
                  | senses nearby items. [potion of mutation]
 69109 | Zot:5    | Lost mutation: You are agile. (Dex +4, Str/Int -1) [potion
                  | of mutation]
 69109 | Zot:5    | Lost mutation: You are frail. (-10% HP) [potion of
                  | mutation]
 69109 | Zot:5    | Gained mutation: You are partially covered in iridescent
                  | scales. (AC +2) [potion of mutation]
 69110 | Zot:5    | Lost mutation: Armour fits poorly on your massive
                  | pseudopods. [potion of mutation]
 69110 | Zot:5    | Lost mutation: Your body has grown eyes which may confuse
                  | attackers. (Acc +3) [potion of mutation]
 69110 | Zot:5    | Lost mutation: Your translucent skin slightly reduces your
                  | foes' accuracy. (Stealth+) [potion of mutation]
 69110 | Zot:5    | Gained mutation: Armour fits poorly on your strangely
                  | shaped body. [potion of mutation]
 69111 | Zot:5    | Lost mutation: You are covered in fur. (AC +1) [potion of
                  | mutation]
 69111 | Zot:5    | Lost mutation: Armour fits poorly on your strangely shaped
                  | body. [potion of mutation]
 69111 | Zot:5    | Gained mutation: You have hidden genetic defects. [potion
                  | of mutation]
 69111 | Zot:5    | Gained mutation: You are dopey. (Int -2) [potion of
                  | mutation]
 69111 | Zot:5    | Lost mutation: Armour fits poorly on your large pseudopods.
                  | [potion of mutation]
 69112 | Zot:5    | Lost mutation: You occasionally lose the ability to read
                  | scrolls when taking damage. [potion of mutation]
 69112 | Zot:5    | Lost mutation: You are partially covered in iridescent
                  | scales. (AC +2) [potion of mutation]
 69112 | Zot:5    | Lost mutation: You have hidden genetic defects. [potion of
                  | mutation]
 69112 | Zot:5    | Gained mutation: Your body sometimes deteriorates upon
                  | taking damage. [potion of mutation]
 69112 | Zot:5    | Gained mutation: You are clumsy. (Dex -2) [potion of
                  | mutation]
 69112 | Zot:5    | Gained mutation: You are partially covered in iridescent
                  | scales. (AC +2) [potion of mutation]
 69113 | Zot:5    | Lost mutation: You are clumsy. (Dex -2) [potion of
                  | mutation]
 69113 | Zot:5    | Lost mutation: You occasionally lose the ability to drink
                  | potions when taking damage. [potion of mutation]
 69113 | Zot:5    | Gained mutation: You possess an exceptional clarity of
                  | mind. [potion of mutation]
 69113 | Zot:5    | Gained mutation: You are agile. (Dex +4, Str/Int -1)
                  | [potion of mutation]
 69370 | Zot:5    | Identified the +11 quarterstaff "Eviscerator" {spect, rF+
                  | Int+4}
 69431 | Zot:5    | Got the Orb of Zot
 69442 | Zot:5    | Noticed Jej Zobi the pandemonium lord
 69454 | Zot:5    | Killed Jej Zobi the pandemonium lord
 69793 | D:11     | Noticed Vovuh the pandemonium lord
 69974 | D:3      | Prayed at the altar of an unknown god.
 69974 | D:3      | Fell from the grace of Jiyva
 69974 | D:3      | Became a worshipper of Ignis, the Dying Flame
 70039 | D:$      | Escaped with the Orb!

Illustrated notes

Levels and vault maps discovered:
D:1:      scummos_arrival_checkerplants, layout_basic
D:2:      wad_lake_hut, layout_basic
D:3:      layout_basic, elyvilon_altar_1, chequers_ecumenical_altar_island
D:4:      layout_loops_ring, jmf_multi_god_temple2,
          mainiacjoe_overflow_chevrons, ebering_ghost_disaster_area,
          serial_shops, nicolae_shop_temple_entry_statues_fountains,
          kennysheep_orc_chapel
D:5:      minmay_thinvault, layout_cave_pools, minmay_temple_entry_steel_oval,
          nicolae_the_louvre
D:6:      layout_basic
D:7:      layout_loops_corners, serial_rivers, chequers_serial_rivers_marsh,
          chequers_serial_rivers_micro_d, chequers_serial_rivers_marsh,
          chequers_serial_rivers_room_b, chequers_serial_rivers_large_b
D:8:      layout_loops_ring, nemelex_diamond_rough_becter,
          mainiacjoe_overflow_alcove_2, kb_xom_exploding_sheep,
          lair_entry_dummy, grunt_ministairs_9
D:9:      layout_small_grid, enter_bailey_2, grunt_ministairs_6, uniq_psyche
D:10:     layout_long_grid, mainiacjoe_overflow_big_doors, trog_book,
          gammafunk_ghost_smash, uniq_gastronok, uniq_urug, uniq_fannar
D:11:     layout_basic, gammafunk_ghost_necromancy, serial_shops,
          nicolae_shop_rolled_up, st_stairs_3, uniq_maurice, uniq_lodul
D:12:     layout_irregular_city, serial_shops, shop, minmay_fire_ice_demons,
          uniq_nergalle
D:13:     layout_roguey, special_room [special_room_orc], nicolae_rejected_hall
D:14:     layout_cave_pools, david_vaults_5, serial_shops, nicolae_shop_trees,
          patterned_corridor, uniq_josephine
D:15:     hangedman_slaughterboxes, uniq_jorgrun
Temple:   minmay_temple_bridge_abc
Lair:1:   layout_misc_corridors, basic_altar, lemuel_old_faithful,
          grunt_megastairs_3, lemuel_fruit_tree
Lair:2:   layout_small_grid, bh_autumn_forest_stairs, serial_bayou_shore_b,
          serial_bayou_shore_a, grunt_megastairs_5, uniq_maggie, uniq_sonja,
          uniq_erica
Lair:3:   layout_hall_layers, minmay_swamp_entry_worms,
          nicolae_spider_entry_orb_guardian, cheibrodos_lair_reptile_den
Lair:4:   layout_gridlike, nicolae_slime_entry_field_trip,
          grunt_forest_stairs_clearing
Lair:5:   minmay_lair_end_enchanted_forest, layout_cave_shapes
Swamp:1:  layout_falls_marsh, evilmike_swamp_ruin_house_1, swamp_pool_4,
          nicolae_swamp_super_fun_site, infiniplex_staircase_pool_2
Swamp:2:  layout_basic_swamp, nicolae_swamp_stair_fork, swamp_pool_1_2,
          uniq_nikola, uniq_aizul
Swamp:3:  layout_basic_swamp, evilmike_swamp_ruin_house_3, swamp_pool_1_2,
          st_swamp_ruins_4
Swamp:4:  swamp_alternative, layout_basic_swamp, swamp_pool_1_2, worms_lemuel
Spider:1: layout_chambers
Spider:2: layout_spider_delve
Spider:3: layout_spider_delve, nicolae_spider_shape
Spider:4: grunt_spider_rune_circles, uniq_donald
Slime:1:  layout_caves
Slime:2:  layout_caves, nicolae_slime_getting_an_eyeful
Slime:3:  layout_caves, nicolae_slime_barrier
Slime:4:  layout_caves
Slime:5:  slime_pit_nicolae_jellycorners
Orc:1:    layout_caves
Orc:2:    st_orc_town, layout_diamond_mine, serial_shops,
          nicolae_shop_tiny_real_fake_doors
Elf:1:    layout_rooms, serial_shops, nicolae_shop_back_alley_shop,
          nicolae_elf_blasts_and_bolts, uniq_agnes
Elf:2:    nicolae_elf_blades_splatter_lattice [nicolae_blade_entry_pointy_end],
          layout_geoelf_octagon, serial_shops, shop,
          nicolae_shop_rolling_square, st_stairs_9,
          serial_library_hellmonk_filled_rooms, minivault_25_ag
Elf:3:    minmay_elf_hall_quartered_circle, layout_loops_corners, serial_shops,
          nicolae_shop_hallway_stairs, nicolae_shop_trees, enter_trove_2,
          gammafunk_ghost_tricky_traps, nrook_loot_triangle,
          nicolae_fountain_basement
Vaults:1: vaults_standard_mumra_x, hangedman_vaults_variations,
          vaults_mumra_lcd, nicolae_vaults_ring_of_whatevers,
          nicolae_vaults_diffraction_hallways, nicolae_vaults_apartment_1,
          nicolae_vaults_house_1, nicolae_vaults_apartment_2, vaults_room_pools,
          nicolae_vaults_diamond_2, nicolae_vaults_trapezoid_lopsided_1,
          nicolae_vaults_trapezoid_lopsided_3, nicolae_vaults_little_squares_4,
          layout_vaults_chaotic_city
Vaults:2: special_room_vaults [special_room_orc],
          minmay_crypt_entry_simple_walls,
          vaults_standard_mumra_enter_the_diamond, v_rooms_3,
          nicolae_vaults_inception_statues, nicolae_vaults_rhombus_6,
          hangedman_vaults_locks, nicolae_vaults_cochlea,
          hangedman_vaults_stream, hangedman_vaults_impose,
          nicolae_vaults_ninety_degrees, vaults_room_grunt_arrival_ludios,
          layout_vaults_big_cross
Vaults:3: nicolae_vaults_windows_and_doors_thing, nicolae_vaults_gold_heap,
          v_alt_pattern_6, nicolae_vaults_spaceships,
          nicolae_vaults_sesquioval_fish, vaults_room_hallway,
          nicolae_vaults_tetromino_T_1, minmay_orc_keep, v_misc_33, v_misc_13,
          vaults_room_guarded_vault, nicolae_vaults_trapezoid_2,
          layout_vaults_maze_snakey, serial_shops, nicolae_shop_real_fake_doors,
          uniq_jory, uniq_xtahua
Vaults:4: lemuel_angel_altar, nicolae_vaults_diamond_1,
          grunt_vaults_hallway_long, v_misc_18, v_pattern_5,
          nicolae_vaults_network_periphery, nicolae_vaults_door_testing_chamber,
          nicolae_vaults_trapezoid_layered, lightli_orcish_oven,
          layout_vaults_omnigrid
Vaults:5
Crypt:1:  layout_regular_city, grunt_crypt_arrival_split, uniq_sojobo
Crypt:2:  layout_basic, nicolae_crypt_small_crypt, uniq_zenata
Crypt:3:  lightli_unholy_cathedral, layout_chaotic_city,
          nicolae_tomb_entry_unfolded_pyramid_orthogonal
Depths:1: layout_cave_shapes, serial_bayou, serial_bayou_pond_e,
          serial_bayou_lagoon_a, serial_bayou_pond_c, serial_bayou_ford_a,
          grunt_decor_fettered, hell_entry, abyss_entry_flame_altar, zin_purify
Depths:2: minmay_stepped, layout_gridville, chequers_jeans, hell_entry,
          muffindrake_ghost_three_little_ghosts, minmay_room_of_horrors,
          grunt_pan_entry_sceptre, firewood_loft, uniq_enchantress, uniq_grunn
Depths:3: lemuel_troll_bridge, layout_gridlike, enter_ziggurat_c,
          lightli_too_deep, nicolae_qazlal_scattered_showers, serial_glass,
          glass_columns_a, glass_columns_a, abyss_entry_small_statue_room,
          feat_on_display
Depths:4: grunt_crosshair, layout_gridlike, minmay_tree_intersection,
          hellmonk_ghost_time_enough, hell_entry, serial_bayou_shore_b
Zot:1:    layout_misc_corridors, regret_index_zotdec_misc_clamp,
          bh_zot_levy_curve
Zot:2:    cheibrodos_zot_enchanting_chambers, layout_onion_interference,
          uniq_josephina
Zot:3:    layout_misc_corridors, grunt_ministairs_8, st_single_dragon_hoard_2,
          serial_nicolae_subway, nicolae_sub_station_stone,
          nicolae_sub_station_crystal, nicolae_sub_station_metal
Zot:4:    layout_twisted_circle, regret_index_zotdec_serpentine_scales
Zot:5:    layout_gridlike

Skill      XL: |  1  2  3  4  5  6  7  8  9 10 11 12 13 14 15 16 17 18 19 20 21 22 23 24 25 26 27 |
---------------+----------------------------------------------------------------------------------+-----
Armour         | 1 2 3 4 5 7 9 10 11 13 15 16 18 21 | 21.0
Dodging        | 2 3 4 5 7 9 10 12 13 15 16 17 18 19 20 23 | 23.3
Long Blades    | 3 4 5 7 8 10 12 14 15 16 | 16.0
Fighting       | 3 4 5 6 7 8 10 11 13 15 16 17 19 20 22 24 | 24.7
Invocations    | 1 2 4 6 8 9 10 11 12 | 12.0
Spellcasting   | 2 4 6 9 10 12 14 15 | 15.0
Translocations | 4 5 8 11 15 16 17 18 | 18.0
Throwing       | |  0.8

Action                     |  1- 3 |  4- 6 |  7- 9 | 10-12 | 13-15 | 16-18 | 19-21 | 22-24 | 25-27 || total
---------------------------+-------+-------+-------+-------+-------+-------+-------+-------+-------++-------
  Melee: Falchion          |    83 |   100 |   176 |       |       |       |       |       |       ||   359
         Short sword       |    37 |       |   124 |       |       |       |       |       |       ||   161
         Rapier            |    21 |    97 |    76 |       |       |       |       |       |       ||   194
         Demon blade       |       |       |    88 |   388 |   756 |   818 |  1019 |  1044 |  1862 ||  5975
         Scimitar          |       |       |    50 |    82 |   764 |   840 |  1063 |  1308 |  1914 ||  6021
         Long sword        |       |       |       |   309 |       |       |       |       |       ||   309
         Double sword      |       |       |       |       |       |       |       |   236 |       ||   236
         Bite              |       |       |       |       |       |       |       |    13 |       ||    13
         Pseudopods        |       |       |       |       |       |       |       |    50 |   239 ||   289
   Cast: Blink             |       |       |       |     1 |       |     1 |       |       |       ||     2
         Manifold Assault  |       |       |       |       |       |       |   321 |   532 |   554 ||  1407
         Passage of Golubr |       |       |       |       |       |       |     1 |       |     4 ||     5
 Invoke: Heroism           |       |       |       |     8 |       |       |       |       |       ||     8
         Finesse           |       |       |       |     4 |     1 |       |       |       |       ||     5
         Receive Armour    |       |       |       |       |     1 |       |       |       |       ||     1
         Receive Weapon    |       |       |       |       |     1 |       |       |       |       ||     1
  Evoke: Wand              |       |     5 |     9 |    12 |     7 |     5 |       |     1 |     9 ||    48
    Use: Scroll            |       |     1 |     8 |    11 |    13 |    13 |     3 |    15 |     6 ||    70
         Potion            |       |       |     1 |       |       |     3 |       |     2 |    11 ||    17
   Stab: Sleeping          |     1 |       |       |       |     1 |     7 |     9 |     2 |     2 ||    22
         Distracted        |       |       |       |       |     1 |     5 |     2 |     3 |     3 ||    14
         Held in net/web   |       |       |       |       |       |     2 |       |       |       ||     2
 Armour: Leather armour    |    30 |       |       |       |       |       |       |       |       ||    30
         Ring mail         |    11 |    79 |   203 |   344 |     1 |       |       |       |       ||   638
         Skin              |       |       |       |     2 |     3 |       |       |       |       ||     5
         Swamp dragon scal |       |       |       |       |   431 |   183 |       |       |       ||   614
         Shadow dragon sca |       |       |       |       |       |   386 |   329 |    75 |       ||   790
         Fire dragon scale |       |       |       |       |       |       |       |   151 |   428 ||   579
  Dodge: Dodged            |    51 |    63 |   158 |   280 |   611 |   865 |   486 |   442 |  1170 ||  4126

Table legend: (Time is in decaauts)
 A = Elapsed time spent in this place.
 B = Non-inter-level travel time spent in this place.
 C = Inter-level travel time spent in this place.
 D = Time resting spent in this place.
 E = Time spent auto-exploring this place.
 F = Levels seen in this place.
 G = Mean time per level.
                   A        B        C        D        E       F      G
               +--------+--------+--------+--------+--------+-----+--------+
         Total |  68521 |  61422 |   7099 |  10377 |  40364 |  60 | 1142.0 |
       Dungeon |  19767 |  16688 |   3079 |   3590 |  10138 |  15 | 1317.8 |
        Temple |     66 |      1 |     65 |      0 |      0 |   1 |   66.0 |
          Lair |   7554 |   6687 |    867 |   2325 |   3420 |   5 | 1510.8 |
         Swamp |   4665 |   4457 |    208 |   1083 |   2647 |   4 | 1166.2 |
   Spider Nest |   4694 |   4512 |    182 |    950 |   2805 |   4 | 1173.5 |
    Slime Pits |    365 |    273 |     92 |      0 |    252 |   5 |   73.0 |
  Orcish Mines |   2038 |   1807 |    231 |    473 |   1001 |   2 | 1019.0 |
   Elven Halls |   5736 |   5246 |    490 |    230 |   4312 |   3 | 1912.0 |
        Vaults |   9788 |   9077 |    711 |    654 |   7229 |   5 | 1957.6 |
         Crypt |   3058 |   2954 |    104 |    241 |   2228 |   3 | 1019.3 |
        Depths |   4927 |   4207 |    720 |    157 |   3228 |   4 | 1231.8 |
           Zot |   4606 |   4260 |    346 |    176 |   2997 |   5 |  921.2 |
         Abyss |    416 |    416 |      0 |     77 |      0 |   3 |  138.7 |
        Bailey |    834 |    834 |      0 |    420 |    104 |   1 |  834.0 |
               +--------+--------+--------+--------+--------+-----+--------+

Top non-repeatable levels by time:
    D:15: 2655 daAuts
   Elf:3: 2613 daAuts
Vaults:2: 2370 daAuts
Vaults:3: 2275 daAuts
  Lair:3: 2270 daAuts
Vaults:4: 2168 daAuts
   Elf:2: 2061 daAuts
Vaults:1: 1770 daAuts
  Lair:2: 1757 daAuts
Depths:3: 1742 daAuts
   Orc:2: 1540 daAuts
    D:10: 1515 daAuts
     D:5: 1496 daAuts
 Swamp:4: 1480 daAuts
  Lair:1: 1469 daAuts
